Prin, chaotic male elven Priest ---------- ----------- |...F.@..| |*.)......| |.>^.B....####|<....{...| -...$.f..| #...........### ---------- ----------- # ### # # ################################ # -----.------ ##...........| |..*.......| |..........| |..........| ------------ Prin the Acolyte Experience level: 5 Strength: 14 Dexterity: 12 Constitution: 13 Intelligence: 8 Wisdom: 20 Charisma: 10 Health: 0(35) Energy: 78(78) Def: 5 Gold: 0 Moves: 3042 Dungeon seed: Egu6RxjrfySOdGiz Game ID: Prin_1614032059 Your Inventory: Weapons a - a blessed +1 mace (weapon in hand) w - 5 +0 arrows x - a +0 bow (alternate weapon; not wielded) z - 4 +0 daggers E - 14 +0 darts (in quiver) H - 2 +0 orcish daggers Armor e - a +0 robe (being worn) n - a +0 small shield q - a blessed +1 orcish helm (being worn) r - a +0 small shield (being worn) Comestibles c - a clove of garlic d - a sprig of wolfsbane o - 3 food rations O - a candy bar Scrolls k - a scroll of enchant armor u - a blessed scroll of create monster L - a scroll of light Spellbooks f - a spellbook of detect unseen g - a spellbook of cure sickness I - a spellbook of clairvoyance Potions b - 4 potions of holy water Wands v - a wand of sleep (0:5) Tools h - a magic marker (0:51) m - a leash p - a tinning kit (0:45) K - a leash N - a bag of holding Contents of the bag of holding: 257 gold pieces an opal a worthless piece of white glass Spells and supernatural/magical abilities: Name Level Category Fail Memory K - cure sickness 3 healing 61% 85% U - detect unseen 3 divination 66% 85% W - pray for help -- divine ? -- X - turn undead -- divine ? -- Your skills at the end: Fighting Skills Weapon Skills mace [Basic] Spellcasting Skills clerical spells [Basic] Final Attributes: You were piously aligned. You were sleep resistant. You were telepathic. You had infravision. You are dead. Vanquished creatures: a pony a fog cloud a shrieker a gnome lord an elf zombie a ghoul a giant ant 2 floating eyes 2 kobold lords a rabid rat 2 werejackals 3 iguanas an acid blob a coyote 10 manes 2 giant rats 3 yellow molds a red mold 2 gnomes 7 garter snakes 2 gnome zombies 4 geckos 8 jackals 5 kobolds 2 goblins 2 grid bugs 7 lichens 7 newts 81 creatures vanquished. Voluntary challenges: You were an atheist. You used a wielded weapon 89 times, starting on turn 2. You were illiterate. You never genocided any monsters. You never polymorphed an object. You never changed form. You used no wishes. You never split a pudding. You never wrote Elbereth's name. You never violated your personal moral code. Dungeon overview: The Dungeons of Doom: levels 1 to 6 Level 1 some fountains a long staircase Level 2 a general store, an altar to Crom, a fountain Level 3 a long staircase Level 4 a jewelry store Level 5 a fountain Level 6 <- You were here a fountain History has recorded: On T:1 you entered the Dungeons of Doom to retrieve the Amulet of Yendor! On T:460 you reached level 2 of The Dungeons of Doom. On T:486 you advanced to experience level 2. On T:915 you advanced to experience level 3. On T:1078 you reached level 3 of The Dungeons of Doom. On T:1265 you reached level 4 of The Dungeons of Doom. On T:1656 you advanced to experience level 4. On T:2072 you reached level 5 of The Dungeons of Doom. On T:2290 you advanced to experience level 5. On T:2781 you reached level 6 of The Dungeons of Doom. Score breakdown: Gold: 257 ( 8203 points) Experience: 5 levels (11141 points) Exploration: 6 levels ( 12.00%) ( 9583 points) Discoveries: 3 items ( 1.05%) ( 3072 points) Valuables value: (no points given unless you survive) Artifact value: 0 ( 0 points) Variety of kills: 28 monsters ( 7.35%) ( 8132 points) Turncount: 3042 turns ( -620 points) Survival: died (score multiplied by 80%) Total score: 31608 Latest messages: You stagger... You feel a bit steadier now. A gush of water hits the giant bat! The giant bat bites! The giant bat misses. You miss it. The giant bat bites! (2x) You miss it. The giant bat bites! The kitten bites the giant bat. The giant bat bites! You miss it. The kitten bites the giant bat. The giant bat misses the kitten. The giant bat bites! You miss it. The kitten misses the giant bat. The giant bat bites! The kitten misses the giant bat. The giant bat bites! You die... Final status: Goodbye Prin the Priest, killed by a giant bat... You died in The Dungeons of Doom on dungeon level 6 with 31608 points, and 257 pieces of gold, after 3042 moves. You were level 5 with a maximum of 35 hit points when you died.